 Dungeon Crawl Stone Soup version 0.30-a0-313-gae38170b09 (webtiles) character file.

Game seed: 17136628849954896109

1642 KarmaKiller the Covert (level 8, -8/58 (60) HPs)
             Began as a Vampire Brigand on Oct 26, 2022.
             Was an Initiate of Yredelemnul.
             Mangled by a hornet (11 damage)
             ... on level 7 of the Dungeon.
             The game lasted 00:49:42 (4641 turns).

KarmaKiller the Covert (Vampire Brigand)            Turns: 4641, Time: 00:49:42

HP:   -8/58 (60)    AC:  9    Str: 10    XL:     8   Next: 67%
MP:   8/8           EV: 13    Int: 20    God:    Yredelemnul [......]
Gold: 314           SH:  0    Dex: 17    Spells: 7/7 levels left

rFire   . . .      SeeInvis +    p - +3 dagger (speed)
rCold   . . .      Faith    .    (no shield)
rNeg    . . .      Spirit   .    h - +0 leather armour
rPois   .          Reflect  .    B - +1 helmet
rElec   .          Harm     .    c - +0 cloak
rCorr   .          Rampage  .    k - +1 pair of gloves
Will    .....                    v - +0 pair of boots
Stlth   ++++......               (no amulet)
HPRegen 0.49/turn                o - +6 ring of intelligence
MPRegen 0.11/turn                (no ring)

@: lethally poisoned (-8 -> -11), about to teleport, spiked, healing quickly,
lightly drained
A: alive, fangs 3, see invisible, vampiric 2
a: Exsanguinate, Renounce Religion, Recall Undead Harvest


You were on level 7 of the Dungeon.
You worshipped Yredelemnul.
Yredelemnul was noncommittal.
You visited 2 branches of the dungeon, and saw 7 of its levels.

You collected 314 gold pieces.

Inventory:

Hand Weapons
 a - a +2 dagger
 i - a +3 sling of freezing
 j - a +0 whip
 p - a +3 dagger of speed (weapon)
 t - a +2 dagger of electrocution
 E - a +0 longbow of freezing
Missiles
 d - 19 poisoned darts (quivered)
 e - 3 curare-tipped darts
 q - 33 stones
Armour
 b - a +0 robe
 c - a +0 cloak (worn)
 h - a +0 leather armour (worn)
 k - a +1 pair of gloves (worn)
 v - a +0 pair of boots (worn)
 B - a +1 helmet (worn)
Magical Staves
 F - a staff of fire
Jewellery
 o - a +6 ring of intelligence (left hand)
Wands
 D - a wand of quicksilver (4)
 G - a wand of mindburst (9)
Scrolls
 f - a scroll of noise {unknown}
 g - a scroll of magic mapping {unknown}
 n - a scroll of amnesia {unknown}
 r - 2 scrolls of blinking
 s - 2 scrolls of fear
 u - a scroll of acquirement {unknown}
 w - a scroll of enchant armour {unknown}
 x - a scroll of immolation {unknown}
 y - 2 scrolls of poison
 z - a scroll of brand weapon {unknown}
 C - a scroll of butterflies {unknown}
 I - a scroll of identify
Potions
 l - a potion of curing {unknown}
 A - 2 potions of ambrosia {unknown}
 H - a potion of mutation {unknown}


   Skills:
 + Level 3.9 Fighting
 + Level 6.7 Short Blades
 + Level 2.8 Throwing
 + Level 3.0 Armour
 + Level 4.5 Dodging
 + Level 10.3 Stealth


You had 7 spell levels left.
You didn't know any spells.
Your spell library contained the following spells:

 Spells                   Type           Power      Damage    Failure   Level
 Necrotise                Necr           0%         1d4       26%         1
 Slow                     Hex            0%         N/A       26%         1
 Confusing Touch          Hex            0%         N/A       58%         3
 Vampiric Draining        Necr           0%         2d6       58%         3
 Agony                    Necr           0%         N/A       100%        5
 Fireball                 Conj/Fire      0%         3d3       100%        5
 Iskenderun's Battlesphe  Conj           0%         2d6       100%        5
 Conjure Ball Lightning   Conj/Air       0%         3x3d6     100%        6
 Orb of Destruction       Conj           0%         9d5       100%        7


Dungeon Overview and Level Annotations

Branches:
Dungeon (7/15)             Temple (1/1) D:6

Altars:
Kikubaaqudgha
Xom
Yredelemnul

Annotations:
D:3 1 runed translucent door, McGhostyFace's ghost, amateur GnWr


Innate Abilities, Weirdness & Mutations

Your natural rate of healing is accelerated.
You have razor-sharp teeth.
You have supernaturally acute eyesight. (SInv)
You are afflicted with vampirism and can become a bat while bloodless.


Message History

You are more poisoned.
You feel yourself slow down.
You feel yourself speed up.
You feel very sick.
You feel very sick. The hornet barely misses you.
The manticore flicks its tail.
The volley of spikes hits you.
The barbed spikes become lodged in your body.
The hornet barely misses you.
As you read the scroll of teleportation, it crumbles to dust.
You feel strangely unstable.
You feel sick.
The manticore flicks its tail.
The volley of spikes hits you!
The barbed spikes become lodged in your body.
* * * LOW HITPOINT WARNING * * *
The hornet stings you but does no damage.
The barbs in your skin will harm you if you move.
Continue?
Okay, then.
You completely miss the hornet.
The hornet is lightly wounded.
You feel sick.
The hornet stings you but does no damage.
The manticore flicks its tail.
The volley of spikes hits you.
The barbed spikes become lodged in your body.
* * * LOW HITPOINT WARNING * * *
The barbs in your skin will harm you if you move.
Continue? [Y]es or [N]o only, please.
The barbs in your skin will harm you if you move.
Continue?
Okay, then.
The barbs in your skin will harm you if you move.
Continue?
The barbed spikes dig painfully into your body as you move.
* * * LOW HITPOINT WARNING * * *
x2 You feel sick.
You miss the hornet. Your bite misses the hornet.
The hornet is lightly wounded.
The hornet stings you!
You die...
Yredelemnul claims you as an undead slave.

#.# #Z# ##### #.#
#...#########
#####.###
#........[..#
#...Z...#
T###...........#
#.......#
.(..C..........#
#.......#
###.......C..H.#######
#.......#
##........T..y@....#
#.......#
#.........##......#
#..)....#
.....#....[.#......#
#....)..#
.######......'......#
#...(...# .
#.....##.......#
#####)###
#.....##.......## #.#
#.....########...# #.#
#.....# ##.## #.#
####### #..# #.#


You could see a manticore (poisoned), a cyclops, a troll and a hornet.

Vanquished Creatures
  Grinder (D:3)
  2 water moccasins (D:6)
  3 black bears (D:6)
  A sky beast (D:7)
  A phantom (D:6)
  A kobold brigand (D:7)
  A bullfrog (D:6)
  A scorpion (D:7)
  5 wights (D:6)
  3 hounds
  A jelly (D:7)
  Robin (D:3)
  4 gnolls
  5 adders
  An ufetubus (D:6)
  A worm (D:2)
  2 dart slugs
  5 orcs
  7 endoplasms
  A giant cockroach (D:3)
  10 goblins
  7 hobgoblins
  6 jackals
  7 kobolds
  3 quokkas
  5 ball pythons
  8 bats
  6 frilled lizards
  8 rats
107 creatures vanquished.

Vanquished Creatures (collateral kills)
  A white imp (D:7)
  2 endoplasms
  A jackal (D:1)
  A frilled lizard (D:1)
  2 rats (D:1)
7 creatures vanquished.

Vanquished Creatures (others)
  A scorpion zombie (D:7)
  A sky beast zombie (D:7)
  A hound zombie (D:6)
  A jelly zombie (D:7)
  A spectral white imp (D:7)
  An adder zombie (D:3)
  2 bat zombies
  2 ball python zombies
  2 frilled lizard zombies
  A goblin zombie (D:3)
  4 hobgoblin zombies (D:3)
  3 kobold zombies (D:7)
  A spectral ufetubus (D:6)
21 creatures vanquished.

Grand Total: 135 creatures vanquished

Notes
Turn   | Place    | Note
-------+----------+-------------------------------------------
     0 | D:1      | KarmaKiller the Vampire Brigand began the quest for the
                  | Orb.
     0 | D:1      | Reached XP level 1. HP: 16/16 MP: 1/1
    45 | D:1      | Reached skill level 6 in Stealth
   221 | D:1      | Found a faded altar of an unknown god.
   225 | D:1      | Prayed at the altar of an unknown god.
   225 | D:1      | Became a worshipper of Yredelemnul the Dark
   225 | D:1      | Reached * piety under Yredelemnul
   265 | D:1      | Reached XP level 2. HP: 22/22 MP: 2/2
   442 | D:1      | Reached ** piety under Yredelemnul
   809 | D:1      | Reached skill level 7 in Stealth
   822 | D:1      | Gained mutation: You are afflicted with vampirism and can
                  | become a bat while bloodless. [Vampire growth]
   822 | D:1      | Reached XP level 3. HP: 15/27 MP: 3/3
  1298 | D:2      | Reached XP level 4. HP: 31/33 MP: 4/4
  1839 | D:3      | Noticed Robin
  1880 | D:3      | Killed Robin
  1881 | D:3      | Reached skill level 1 in Armour
  1993 | D:3      | Reached XP level 5. HP: 37/38 MP: 5/5
  2072 | D:3      | Found a runed translucent door.
  2080 | D:3      | Noticed McGhostyFace's ghost (amateur GnWr)
  2324 | D:3      | Found a shimmering altar of Xom.
  2343 | D:3      | Noticed Grinder
  2372 | D:3      | Killed Grinder
  2373 | D:3      | Reached skill level 8 in Stealth
  2373 | D:3      | Reached XP level 6. HP: 33/46 MP: 6/6
  2740 | D:3      | Reached *** piety under Yredelemnul
  3306 | D:4      | You fall into a shaft and drop 2 floors!
  3324 | D:6      | Reached skill level 9 in Stealth
  3324 | D:6      | Reached XP level 7. HP: 39/51 MP: 7/7
  3375 | D:6      | Found a staircase to the Ecumenical Temple.
  3415 | Temple   | Entered the Ecumenical Temple
  3630 | D:6      | Reached skill level 5 in Short Blades
  3758 | D:6      | Reached XP level 8. HP: 22/57 MP: 8/8
  3775 | D:6      | Reached skill level 10 in Stealth
  4613 | D:7      | Noticed a hornet
  4615 | D:7      | Noticed a cyclops
  4616 | D:7      | Noticed a troll
  4617 | D:7      | Noticed a manticore
  4632 | D:7      | Paralysed by a hornet for 1 turns
  4641 | D:7      | Mangled by a hornet

Illustrated notes

Levels and vault maps discovered:
D:1:      dpeg_arrival_subterranean_lakeside_camping, layout_basic,
          shapermc_ecumenical_altar_mp_vishouse
D:2:      layout_loops_corners, kennysheep_generic_room_12
D:3:      layout_basic, general_overflow_altar, hellmonk_ghost_happy_afterlife,
          hangedman_decor_growths, st_stairs_12, uniq_robin, uniq_grinder
D:4:      layout_cave_pools, kennysheep_flooded_box, kennysheep_cross_bottleneck
D:6:      layout_rooms, minmay_temple_entry_mini_moons, glass_columns_a
D:7:      layout_basic, minmay_chambers_of_fives
Temple:   mainiacjoe_temple_hex_bubbles

Skill      XL: |  1  2  3  4  5  6  7  8 |
---------------+-------------------------+-----
Stealth        | 6 7 8 9 10 | 10.3
Fighting       | 2 3 |  3.9
Short Blades   | 3 4 5 6 |  6.7
Armour         | 1 2 3 |  3.0
Dodging        | 2 3 4 |  4.5
Throwing       | 2 |  2.8

Action                   |  1- 3 |  4- 6 |  7- 9 || total
-------------------------+-------+-------+-------++-------
Melee: Dagger            |    62 |   163 |   200 ||   425
       Bite              |     7 |    17 |    27 ||    51
       Punch             |     1 |       |     5 ||     6
Throw: Dart              |    13 |     7 |    12 ||    32
  Use: Scroll            |       |       |     6 ||     6
       Potion            |       |       |     6 ||     6
 Stab: Sleeping          |     9 |    12 |     3 ||    24
       Distracted        |       |     2 |     1 ||     3
Armor: Robe              |     3 |       |       ||     3
       Leather armour    |    12 |    36 |    32 ||    80
Dodge: Dodged            |    30 |    81 |    74 ||   185

Table legend: (Time is in decaauts)
 A = Elapsed time spent in this place.
 B = Non-inter-level travel time spent in this place.
 C = Inter-level travel time spent in this place.
 D = Time resting spent in this place.
 E = Time spent auto-exploring this place.
 F = Levels seen in this place.
 G = Mean time per level.
                   A        B        C        D        E       F      G
               +--------+--------+--------+--------+--------+-----+--------+
         Total |   4449 |   4449 |      0 |    251 |      0 |   7 |  635.6 |
       Dungeon |   4367 |   4367 |      0 |    195 |      0 |   6 |  727.8 |
        Temple |     81 |     81 |      0 |     56 |      0 |   1 |   81.0 |
               +--------+--------+--------+--------+--------+-----+--------+

Top non-repeatable levels by time:
     D:3: 1036 daAuts
     D:2: 909 daAuts
     D:1: 855 daAuts
     D:6: 760 daAuts
     D:4: 423 daAuts
     D:7: 381 daAuts
  Temple: 81 daAuts
